[Event "2nd Gujarat Open 2019"]
[Site "Ahmedabad, Gujarat"]
[Date "2019.09.23"]
[Round "3.30"]
[White "Patil, Pratik"]
[Black "Patel Riddhi R"]
[Result "1-0"]
[ECO "B22"]
[WhiteElo "2187"]
[BlackElo "1485"]
[Annotator "NA"]
[PlyCount "46"]
[EventDate "2019.09.22"]
[EventCountry "IND"]
[SourceTitle "playchess.com"]
[Source "ChessBase"]
[SourceQuality "1"]
[TimeControl "5400+30"]

1. e4 c5 2. c3 d5 3. exd5 Qxd5 4. d4 Nc6 5. Nf3 Nf6 6. Be2 e6 7. O-O cxd4 8. cxd4 Be7 9. Nc3 Qd6 10. a3 O-O 11. h3 a6 12. Be3 Nd5 13. Nxd5 Qxd5 14. Rc1 Rd8 15. Bc4 Qd6 16. Qe2 Bf6 17. Rfd1 Ne7 18. Ng5 Bxg5 19. Bxg5 f6 20. Bd2 Nd5 21. Re1 b5 22. Bxd5 Qxd5 23. Ba5 Re8 1-0

[Event "2nd Gujarat Open 2019"]
[Site "Ahmedabad, Gujarat"]
[Date "2019.09.23"]
[Round "3.31"]
[White "Kadam Om Manish"]
[Black "Aradhya, Garg"]
[Result "*"]
[ECO "C44"]
[WhiteElo "1930"]
[BlackElo "2157"]
[Annotator "NA"]
[PlyCount "85"]
[EventDate "2019.09.22"]
[EventCountry "IND"]
[SourceTitle "playchess.com"]
[Source "ChessBase"]
[SourceQuality "1"]
[TimeControl "5400+30"]

1. e4 e5 2. Nf3 Nc6 3. g3 f5 4. d4 fxe4 5. Nxe5 Nf6 6. Bg2 d5 7. Nc3 Bd6 8. Bg5 O-O 9. Nxd5 Bxe5 10. dxe5 Qxd5 11. Qxd5+ Nxd5 12. Bxe4 Be6 13. O-O-O Nb6 14. f4 h6 15. Bh4 Bf5 16. Bg2 Rae8 17. Rhe1 Nb4 18. a3 Nxc2 19. Re2 Na1 20. Re3 a5 21. Bxb7 a4 22. Be4 Nb3+ 23. Kc2 g5 24. Bxf5 Rxf5 25. g4 Rxf4 26. Bg3 Rxg4 27. e6 Nd4+ 28. Kb1 Nf5 29. Rc3 Nxg3 30. hxg3 Rc4 31. Re3 Re7 32. Ka2 Kg7 33. Rd2 Rc6 34. Rde2 Kf6 35. Rf2+ Kg6 36. Rfe2 Rc4 37. b3 axb3+ 38. Kxb3 Rg4 39. Rc2 h5 40. Rc5 h4 41. gxh4 gxh4 42. Rc2 Kf5 43. Rc5+ *

[Event "2nd Gujarat Open 2019"]
[Site "Ahmedabad, Gujarat"]
[Date "2019.09.23"]
[Round "3.32"]
[White "Manush Shah"]
[Black "Jain Adi"]
[Result "*"]
[ECO "E11"]
[WhiteElo "2352"]
[BlackElo "1675"]
[Annotator "NA"]
[PlyCount "40"]
[EventDate "2019.09.22"]
[EventCountry "IND"]
[SourceTitle "playchess.com"]
[Source "ChessBase"]
[SourceQuality "1"]
[TimeControl "5400+30"]

1. d4 Nf6 2. Nf3 e6 3. e3 d5 4. c4 Bb4+ 5. Nbd2 O-O 6. a3 Bxd2+ 7. Qxd2 b6 8. b3 Bb7 9. Bb2 Ne4 10. Qc2 Nd7 11. Bd3 f5 12. O-O Rc8 13. Rac1 c6 14. Qe2 Qe7 15. Nd2 e5 16. cxd5 cxd5 17. Nf3 exd4 18. Nxd4 Ne5 19. Rc2 Rc7 20. Rxc7 Bc8 *

[Event "2nd Gujarat Open 2019"]
[Site "Ahmedabad, Gujarat"]
[Date "2019.09.23"]
[Round "3.33"]
[White "Rahul Bharadwaj B"]
[Black "Srija, Seshadri"]
[Result "1/2-1/2"]
[ECO "A07"]
[WhiteElo "1843"]
[BlackElo "2270"]
[Annotator "NA"]
[PlyCount "50"]
[EventDate "2019.09.22"]
[EventCountry "IND"]
[SourceTitle "playchess.com"]
[Source "ChessBase"]
[SourceQuality "1"]
[TimeControl "5400+30"]

1. Nf3 d5 2. g3 Bg4 3. Bg2 Nd7 4. h3 Bh5 5. O-O c6 6. d3 e5 7. e4 Ngf6 8. Qe1 dxe4 9. dxe4 Bd6 10. Nbd2 O-O 11. Nc4 Bc7 12. Bg5 h6 13. Bxf6 Qxf6 14. Nh4 Nc5 15. Nf5 Ne6 16. Qb4 g6 17. Nxh6+ Kg7 18. g4 Kxh6 19. gxh5 gxh5 20. Kh1 Nf4 21. Rg1 Rg8 22. Ne3 Bb6 23. Nf5+ Kh7 24. Qe1 Rg6 25. Rd1 Rag8 1/2-1/2

[Event "2nd Gujarat Open 2019"]
[Site "Ahmedabad, Gujarat"]
[Date "2019.09.23"]
[Round "3.34"]
[White "Abu Sufian, Shakil"]
[Black "Shubham, Lakudkar"]
[Result "1-0"]
[ECO "B86"]
[WhiteElo "2255"]
[BlackElo "2023"]
[Annotator "NA"]
[PlyCount "91"]
[EventDate "2019.09.22"]
[EventCountry "IND"]
[SourceTitle "playchess.com"]
[Source "ChessBase"]
[SourceQuality "1"]
[TimeControl "5400+30"]

1. e4 c5 2. Nf3 d6 3. d4 cxd4 4. Nxd4 Nf6 5. Nc3 a6 6. Bc4 e6 7. Bb3 Nbd7 8. Bg5 Nc5 9. Qf3 Be7 10. O-O-O Qc7 11. Rhe1 O-O 12. Qg3 Kh8 13. f4 h6 14. Qh4 Nxb3+ 15. axb3 Ng8 16. Bxe7 Nxe7 17. g4 e5 18. Nde2 Kg8 19. g5 hxg5 20. Qxg5 f6 21. Qg3 Kf7 22. f5 Rg8 23. Nd5 Nxd5 24. Rxd5 g6 25. Rg1 b5 26. fxg6+ Ke7 27. Qh4 Be6 28. Qh7+ Kd8 29. Rxd6+ Qxd6 30. Rd1 Qxd1+ 31. Kxd1 Ke8 32. h4 Rd8+ 33. Ke1 Rd7 34. Qh6 Bg4 35. Nc3 Be6 36. Nd5 Bxd5 37. exd5 Rf8 38. h5 Rg8 39. c4 bxc4 40. bxc4 Rc7 41. d6 Rcg7 42. Qd2 Kd7 43. Qd5 Rb8 44. c5 Rxb2 45. c6+ Kd8 46. Qa5+ 1-0

[Event "2nd Gujarat Open 2019"]
[Site "Ahmedabad, Gujarat"]
[Date "2019.09.23"]
[Round "3.35"]
[White "Garv Gaur"]
[Black "Nayak Rajesh"]
[Result "0-1"]
[ECO "E62"]
[WhiteElo "1801"]
[BlackElo "2227"]
[Annotator "NA"]
[PlyCount "100"]
[EventDate "2019.09.22"]
[EventCountry "IND"]
[SourceTitle "playchess.com"]
[Source "ChessBase"]
[SourceQuality "1"]
[TimeControl "5400+30"]

1. d4 Nf6 2. Nf3 g6 3. c4 Bg7 4. g3 O-O 5. Bg2 d6 6. O-O Nc6 7. Nc3 Bg4 8. d5 Na5 9. Qd3 Nd7 10. b3 c5 11. Bb2 a6 12. h3 Bxf3 13. exf3 Rb8 14. Rab1 b5 15. cxb5 c4 16. bxc4 Ne5 17. Qc2 Nexc4 18. Qd3 axb5 19. Nd1 Nxb2 20. Nxb2 Qd7 21. Rfc1 Rfc8 22. Nd1 Rc5 23. Ne3 Nb7 24. Rc2 Rbc8 25. Rxc5 Nxc5 26. Qxb5 Qxb5 27. Rxb5 Ra8 28. f4 f5 29. Rb1 Rxa2 30. Rc1 Kf7 31. Rc2 Ra1+ 32. Kh2 h5 33. Rd2 Bc3 34. Rc2 Bd4 35. Rd2 Bxe3 36. fxe3 Re1 37. Bf3 Rxe3 38. Kg2 h4 39. gxh4 Nd3 40. Kg3 Ne1 41. Rf2 Rxf3+ 42. Rxf3 Nxf3 43. Kxf3 e5 44. Ke3 Ke7 45. Kf3 Kf6 46. Ke3 Kg7 47. Kf3 e4+ 48. Ke3 Kh6 49. Kf2 Kh5 50. Kg3 e3 0-1

[Event "2nd Gujarat Open 2019"]
[Site "Ahmedabad, Gujarat"]
[Date "2019.09.23"]
[Round "3.36"]
[White "Deshmukh, Anup"]
[Black "Sreekar J S S"]
[Result "1-0"]
[ECO "A29"]
[WhiteElo "2193"]
[BlackElo "1818"]
[Annotator "NA"]
[PlyCount "143"]
[EventDate "2019.09.22"]
[EventCountry "IND"]
[SourceTitle "playchess.com"]
[Source "ChessBase"]
[SourceQuality "1"]
[TimeControl "5400+30"]

1. c4 e5 2. Nc3 Nf6 3. Nf3 Nc6 4. g3 d5 5. cxd5 Nxd5 6. Bg2 Nb6 7. O-O Be7 8. d3 O-O 9. Be3 Be6 10. a3 Nd5 11. Nxd5 Bxd5 12. Qa4 Re8 13. Rac1 Bf8 14. Rfd1 Qd7 15. Bc5 Rad8 16. Bxf8 Rxf8 17. e4 Be6 18. Qb5 Bg4 19. Qxb7 Bxf3 20. Bxf3 Nd4 21. Kg2 c6 22. Qxd7 Rxd7 23. Rc5 f6 24. Bg4 Rb7 25. b4 g6 26. Rdc1 Kg7 27. Bd1 Rb6 28. f4 Re8 29. fxe5 fxe5 30. Ra5 Re7 31. h4 Rb5 32. Ra6 Rb6 33. Ra4 Rc7 34. Ra5 Rb5 35. Rc5 Rxa5 36. Rxa5 Kf6 37. Kf2 Ke6 38. Ke3 Kd6 39. Ra6 Ke7 40. Ba4 Kd7 41. g4 h6 42. g5 hxg5 43. hxg5 Ke7 44. Bd1 Kd6 45. Ba4 Ke7 46. Kd2 Nf3+ 47. Ke3 Nd4 48. Kd2 Nf3+ 49. Kc3 Nd4 50. Kc4 Kd7 51. Bd1 Ke7 52. a4 Kd6 53. b5 Ke7 54. b6 axb6 55. Rxb6 Kd6 56. Rb8 Rg7 57. Rd8+ Ke7 58. Ra8 Kd6 59. a5 Nb5 60. Rf8 Kc7 61. Rf6 Nd4 62. Kc5 Re7 63. Bg4 Nb3+ 64. Kb4 Nd4 65. Rxg6 Kb7 66. Rg8 Kc7 67. g6 Kd6 68. a6 Ra7 69. Rd8+ Ke7 70. g7 c5+ 71. Kc4 Kxd8 72. g8=Q+ 1-0

[Event "2nd Gujarat Open 2019"]
[Site "Ahmedabad, Gujarat"]
[Date "2019.09.24"]
[Round "4.31"]
[White "Vijay, Anand M."]
[Black "Anustoop Biswas"]
[Result "1/2-1/2"]
[ECO "C10"]
[WhiteElo "1806"]
[BlackElo "2154"]
[Annotator "RC"]
[PlyCount "120"]
[EventDate "2019.09.22"]
[EventCountry "IND"]
[SourceTitle "playchess.com"]
[Source "ChessBase"]
[SourceQuality "1"]
[TimeControl "5400+30"]

1. e4 e6 2. d4 d5 3. Nc3 Be7 4. Bd3 Nc6 5. Nf3 Nb4 6. O-O Nxd3 7. Qxd3 Nf6 8. Re1 a6 9. Bf4 h6 10. Be5 O-O 11. Rad1 b6 12. exd5 exd5 13. h3 Be6 14. Bxf6 Bxf6 15. Ne5 Qd6 16. f4 Rfe8 17. Qf3 Rad8 18. Ne2 Bf5 19. c3 Be4 20. Qh5 Bxe5 21. fxe5 Qd7 22. Ng3 Bg6 23. Qg4 Qxg4 24. hxg4 Re6 25. Ne2 Be4 26. Nf4 Rc6 27. Kf2 b5 28. Rc1 f6 29. exf6 Rxf6 30. Kg3 Rdf8 31. Nh3 h5 32. g5 Rf5 33. Re2 Kh7 34. Rce1 Kg6 35. Kh4 c6 36. g3 Rf1 37. Rxf1 Rxf1 38. Rh2 Ra1 39. a3 Bf3 40. Nf4+ Kh7 41. Nxh5 g6 42. Nf6+ Kg7 43. g4 Rg1 44. Rf2 Bd1 45. Kh3 Re1 46. Kg3 a5 47. Rd2 Ba4 48. Kf2 Re7 49. Re2 Kf7 50. Rxe7+ Kxe7 51. Ke3 Bd1 52. b4 a4 53. Kf4 Be2 54. Ke5 Bc4 55. Ng8+ Kf7 56. Nh6+ Ke7 57. Nf5+ Kf7 58. Nd6+ Ke7 59. Nb7 Bd3 60. Na5 Kd7 1/2-1/2

[Event "2nd Gujarat Open 2019"]
[Site "Ahmedabad, Gujarat"]
[Date "2019.09.24"]
[Round "4.34"]
[White "Nanal Arnav"]
[Black "Thanki, Hemal Karsanji"]
[Result "0-1"]
[ECO "A40"]
[WhiteElo "1587"]
[BlackElo "2098"]
[Annotator "NA RC"]
[PlyCount "78"]
[EventDate "2019.09.22"]
[EventCountry "IND"]
[SourceTitle "playchess.com"]
[Source "ChessBase"]
[SourceQuality "1"]
[TimeControl "5400+30"]

1. d4 g6 2. Nf3 Bg7 3. Bf4 d6 4. e3 Nd7 5. h3 e5 6. Bh2 Nh6 7. Be2 O-O 8. O-O Kh8 9. Nbd2 Qe7 10. c3 e4 11. Ne1 f5 12. Nc2 Nf6 13. Kh1 g5 14. Rg1 f4 15. Qe1 f3 16. Bf1 g4 17. Bf4 fxg2+ 18. Rxg2 gxh3 19. Rh2 Qf7 20. Bxh3 Nhg4 21. Rg2 Qh5 22. Rg3 Nd5 23. Kg2 Rxf4 24. exf4 Nxf4+ 25. Kf1 Nxh3 26. Qe2 d5 27. Ne3 Nf4 28. Qb5 c6 29. Qa5 Qh1+ 30. Rg1 Nh2+ 31. Ke1 Qxg1+ 32. Ndf1 Nd3+ 33. Kd1 Bg4+ 34. Kc2 Qxf2+ 35. Kb3 Qxb2+ 36. Ka4 b5+ 37. Qxb5 cxb5+ 38. Ka5 Qa3+ 39. Kxb5 Bd7# 0-1

[Event "2nd Gujarat Open 2019"]
[Site "Ahmedabad, Gujarat"]
[Date "2019.09.24"]
[Round "4.35"]
[White "Shirodkar Aayush"]
[Black "Kumar, Gaurav"]
[Result "1/2-1/2"]
[ECO "B20"]
[WhiteElo "1456"]
[BlackElo "2096"]
[Annotator "NA RC"]
[PlyCount "122"]
[EventDate "2019.09.22"]
[EventCountry "IND"]
[SourceTitle "playchess.com"]
[Source "ChessBase"]
[SourceQuality "1"]
[TimeControl "5400+30"]

1. e4 c5 2. d3 Nc6 3. Nf3 g6 4. g3 Bg7 5. Bg2 e6 6. O-O Nge7 7. c3 O-O 8. Nbd2 Rb8 9. a4 a6 10. Nb3 d6 11. a5 b6 12. axb6 Qxb6 13. Ra3 a5 14. Bf4 e5 15. Be3 Be6 16. c4 a4 17. Na1 Qxb2 18. Rxa4 Ra8 19. Rxa8 Rxa8 20. Qb1 Ra2 21. Bd2 Nb4 22. Qxb2 Rxb2 23. Bc3 Ra2 24. Bxb4 cxb4 25. Rb1 Bh6 26. Nb3 Nc8 27. Bf1 Nb6 28. c5 Na4 29. cxd6 Nc3 30. Ra1 Rxa1 31. Nxa1 Kf8 32. Nxe5 b3 33. Nxb3 Bxb3 34. Bh3 Be6 35. Bxe6 fxe6 36. d7 Ke7 37. d8=Q+ Kxd8 38. Nf7+ Ke7 39. Nxh6 Ne2+ 40. Kg2 Nc1 41. d4 Ne2 42. d5 exd5 43. exd5 Nc3 44. Ng8+ Kd6 45. Nf6 h5 46. f3 Ke7 47. Ne4 Nxd5 48. g4 hxg4 49. fxg4 Kf7 50. h4 Kf8 51. Kg3 Kg7 52. g5 Ne3 53. Nf6 Nf5+ 54. Kg4 Ne3+ 55. Kh3 Nf5 56. Ne4 Kf7 57. Nc5 Ne3 58. Nd3 Ke6 59. Nf4+ Kf5 60. h5 Kxg5 61. hxg6 Nf5 1/2-1/2

[Event "2nd Gujarat Open 2019"]
[Site "Ahmedabad, Gujarat"]
[Date "2019.09.24"]
[Round "4.36"]
[White "Barath Kalyan M"]
[Black "Shah, Vishwa"]
[Result "1-0"]
[ECO "A00"]
[WhiteElo "2092"]
[BlackElo "1760"]
[Annotator "NA RC"]
[PlyCount "59"]
[EventDate "2019.09.22"]
[EventCountry "IND"]
[SourceTitle "playchess.com"]
[Source "ChessBase"]
[SourceQuality "1"]
[TimeControl "5400+30"]

1. a3 Nf6 2. Nf3 g6 3. b4 Bg7 4. Bb2 d6 5. c4 c5 6. g3 b6 7. Bg2 Bb7 8. O-O O-O 9. Qb3 Qc7 10. Nc3 a6 11. Rac1 Nbd7 12. Nd5 Nxd5 13. Bxg7 Kxg7 14. cxd5 Rac8 15. d3 Qb8 16. Nd2 Qa8 17. e4 b5 18. Qb2+ Kg8 19. Nb3 Ne5 20. Nxc5 dxc5 21. Qxe5 cxb4 22. axb4 Rfe8 23. h4 a5 24. h5 axb4 25. h6 f6 26. Qe6+ Kf8 27. d6 Qa6 28. e5 Rc3 29. exf6 exd6 30. Qd7 1-0

[Event "2nd Gujarat Open 2019"]
[Site "Ahmedabad, Gujarat"]
[Date "2019.09.25"]
[Round "5.1"]
[White "Das, Sayantan"]
[Black "Rozum, Ivan"]
[Result "*"]
[ECO "B13"]
[WhiteElo "2434"]
[BlackElo "2596"]
[Annotator "RC"]
[PlyCount "44"]
[EventDate "2019.09.22"]
[EventCountry "IND"]
[SourceTitle "playchess.com"]
[Source "ChessBase"]
[SourceQuality "1"]
[TimeControl "5400+30"]

1. e4 c6 2. d4 d5 3. exd5 cxd5 4. Bd3 Nc6 5. c3 Nf6 6. h3 g6 7. Qc2 e5 8. dxe5 Nxe5 9. Bb5+ Bd7 10. Bxd7+ Qxd7 11. Ne2 Bg7 12. O-O O-O 13. Nd2 Rfe8 14. Nb3 Nc4 15. Bf4 b5 16. Rad1 Qb7 17. a3 Rac8 18. Bc1 Rc7 19. Nf4 Rcc8 20. f3 Ne3 21. Bxe3 Rxe3 22. Qf2 Ree8 *

[Event "2nd Gujarat Open 2019"]
[Site "Ahmedabad, Gujarat"]
[Date "2019.09.25"]
[Round "5.3"]
[White "Rathnakaran, K.."]
[Black "Saptarshi, Roy"]
[Result "0-1"]
[ECO "C55"]
[WhiteElo "2325"]
[BlackElo "2480"]
[Annotator "ChessBase"]
[PlyCount "78"]
[EventDate "2019.09.22"]
[EventCountry "IND"]
[SourceTitle "playchess.com"]
[Source "ChessBase"]
[SourceQuality "1"]
[TimeControl "5400+30"]

1. e4 e5 2. Nf3 Nc6 3. Bc4 Nf6 4. d3 Be7 5. Nc3 d6 6. a3 O-O 7. Ba2 Be6 8. Nd5 Bxd5 9. exd5 Nd4 10. c3 Nxf3+ 11. Qxf3 Qd7 12. h3 Rae8 13. Be3 Qa4 14. Qd1 Qxd1+ 15. Kxd1 Nd7 16. Kc2 f5 17. g4 Bh4 18. Rh2 f4 19. Bd2 e4 20. dxe4 Ne5 21. Rg2 Nf3 22. Bc4 Rxe4 23. Bd3 Re5 24. c4 Nxd2 25. Kxd2 f3 26. Rh2 Rfe8 27. Rf1 g6 28. Kc2 Kg7 29. Rhh1 Kf6 30. a4 Kg5 31. a5 Kf4 32. a6 b6 33. Kc3 Re2 34. b3 Rxf2 35. Rxf2 Bxf2 36. Kb4 Bc5+ 37. Kb5 Re3 38. Bf1 Rxb3+ 39. Kc6 b5 0-1

[Event "2nd Gujarat Open 2019"]
[Site "Ahmedabad, Gujarat"]
[Date "2019.09.25"]
[Round "5.5"]
[White "Bharat Kumar Reddy Poluri"]
[Black "Nguyen, Van Huy"]
[Result "1/2-1/2"]
[ECO "B12"]
[WhiteElo "2304"]
[BlackElo "2454"]
[Annotator "ChessBase"]
[PlyCount "55"]
[EventDate "2019.09.22"]
[EventCountry "IND"]
[SourceTitle "playchess.com"]
[Source "ChessBase"]
[SourceQuality "1"]
[TimeControl "5400+30"]

1. e4 c6 2. d4 d5 3. e5 Bf5 4. Nf3 e6 5. Be2 Bb4+ 6. Bd2 Bxd2+ 7. Nbxd2 h6 8. O-O Ne7 9. a4 a5 10. Nb3 O-O 11. Re1 Nd7 12. Qd2 Qb6 13. h3 Qb4 14. Qc1 Rfc8 15. Ra3 Qb6 16. Qd2 Qc7 17. Rc1 b6 18. Qe1 Qd8 19. Raa1 Be4 20. Nfd2 Bg6 21. c4 Nb8 22. Nf1 Na6 23. Ne3 Nb4 24. c5 Nf5 25. Nxf5 Bxf5 26. Qd2 Rcb8 27. cxb6 Rxb6 28. Nc5 1/2-1/2

[Event "2nd Gujarat Open 2019"]
[Site "Ahmedabad, Gujarat"]
[Date "2019.09.25"]
[Round "5.8"]
[White "Deepan Chakkravarthy J."]
[Black "Abu Sufian, Shakil"]
[Result "1-0"]
[ECO "D19"]
[WhiteElo "2539"]
[BlackElo "2255"]
[Annotator "ChessBase"]
[PlyCount "51"]
[EventDate "2019.09.22"]
[EventCountry "IND"]
[SourceTitle "playchess.com"]
[Source "ChessBase"]
[SourceQuality "1"]
[TimeControl "5400+30"]

1. d4 d5 2. c4 c6 3. Nf3 Nf6 4. Nc3 dxc4 5. a4 Bf5 6. e3 e6 7. Bxc4 Bb4 8. O-O O-O 9. Qe2 Nbd7 10. e4 Bg4 11. Rd1 Qa5 12. h3 Bxf3 13. Qxf3 e5 14. d5 Nb6 15. Bb3 Bxc3 16. bxc3 cxd5 17. Ba3 dxe4 18. Qg3 Rfd8 19. Bb4 Qa6 20. Rxd8+ Rxd8 21. Be7 Rd3 22. Qxe5 Nfd7 23. Qxe4 Rxc3 24. Bb4 Rc8 25. Qe7 Rf8 26. Rd1 1-0

[Event "2nd Gujarat Open 2019"]
[Site "Ahmedabad, Gujarat"]
[Date "2019.09.25"]
[Round "5.19"]
[White "Pranav Vijay"]
[Black "Satkar, Chirag"]
[Result "1-0"]
[ECO "C84"]
[WhiteElo "2265"]
[BlackElo "2052"]
[Annotator "ChessBase"]
[PlyCount "97"]
[EventDate "2019.09.22"]
[EventCountry "IND"]
[SourceTitle "playchess.com"]
[Source "ChessBase"]
[SourceQuality "1"]
[TimeControl "5400+30"]

1. e4 e5 2. Nf3 Nc6 3. Bb5 a6 4. Ba4 Nf6 5. O-O Be7 6. d3 b5 7. Bb3 O-O 8. Nc3 d6 9. a3 h6 10. h3 Be6 11. Nd5 Qd7 12. Re1 Rfe8 13. Bd2 Nd8 14. c4 Rb8 15. Rc1 c6 16. Ne3 Nb7 17. cxb5 axb5 18. Bxe6 fxe6 19. b4 Ra8 20. Qb3 Bd8 21. Rc2 Bb6 22. Rec1 Nd8 23. Ra2 Nh5 24. Nf1 Ra4 25. Be3 Qa7 26. Bxb6 Qxb6 27. Ne3 Qa7 28. d4 exd4 29. Nf5 Qd7 30. N5xd4 Nf4 31. Ne2 Nxe2+ 32. Rxe2 Kh8 33. e5 d5 34. Rc3 Qa7 35. Ne1 Rf8 36. Nc2 Ra6 37. Rd2 Rf4 38. Rf3 Rxf3 39. Qxf3 Kg8 40. Qc3 c5 41. bxc5 Rc6 42. Nd4 Rxc5 43. Qe3 Qc7 44. Rb2 Nf7 45. Nxe6 Rc1+ 46. Kh2 Qxe5+ 47. Qxe5 Nxe5 48. Rxb5 Nc4 49. Rxd5 1-0

[Event "2nd Gujarat Open 2019"]
[Site "Ahmedabad, Gujarat"]
[Date "2019.09.25"]
[Round "5.19"]
[White "Pranav Vijay"]
[Black "Satkar, Chirag"]
[Result "*"]
[ECO "C84"]
[WhiteElo "2265"]
[BlackElo "2052"]
[Annotator "ChessBase"]
[PlyCount "37"]
[EventDate "2019.09.22"]
[EventCountry "IND"]
[SourceTitle "playchess.com"]
[Source "ChessBase"]
[SourceQuality "1"]
[TimeControl "5400+30"]

1. e4 e5 2. Nf3 Nc6 3. Bb5 a6 4. Ba4 Nf6 5. O-O Be7 6. d3 b5 7. Bb3 O-O 8. Nc3 d6 9. a3 h6 10. h3 Be6 11. Nd5 Qd7 12. Re1 Rfe8 13. Bd2 Nd8 14. c4 Rb8 15. Rc1 c6 16. Ne3 Nb7 17. cxb5 axb5 18. Bc4 Bd5 19. Bxd5 *

[Event "2nd Gujarat Open 2019"]
[Site "Ahmedabad, Gujarat"]
[Date "2019.09.25"]
[Round "5.25"]
[White "abzid, Rahman"]
[Black "Srija, Seshadri"]
[Result "0-1"]
[ECO "A06"]
[WhiteElo "1913"]
[BlackElo "2270"]
[Annotator "ChessBase"]
[PlyCount "52"]
[EventDate "2019.09.22"]
[EventCountry "IND"]
[SourceTitle "playchess.com"]
[Source "ChessBase"]
[SourceQuality "1"]
[TimeControl "5400+30"]

1. Nf3 d5 2. e3 Nf6 3. c4 e6 4. b3 c5 5. Bb2 Nc6 6. Be2 d4 7. exd4 cxd4 8. d3 e5 9. O-O Bd6 10. Nbd2 O-O 11. a3 a5 12. Re1 Bf5 13. Nh4 Be6 14. g3 Nd7 15. Bf1 f5 16. f4 Qf6 17. Bg2 Rae8 18. fxe5 Ndxe5 19. Ndf3 Ng4 20. Nd2 Nge5 21. Ndf3 Ng4 22. Nd2 Nxh2 23. Rxe6 Rxe6 24. Bd5 Bxg3 25. Ng2 Kh8 26. Bxe6 Qxe6 0-1

[Event "2nd Gujarat Open 2019"]
[Site "Ahmedabad, Gujarat"]
[Date "2019.09.25"]
[Round "5.26"]
[White "Sarwat, Walaa"]
[Black "Pandey Srishti"]
[Result "0-1"]
[ECO "C77"]
[WhiteElo "2236"]
[BlackElo "1928"]
[Annotator "ChessBase"]
[PlyCount "37"]
[EventDate "2019.09.22"]
[EventCountry "IND"]
[SourceTitle "playchess.com"]
[Source "ChessBase"]
[SourceQuality "1"]
[TimeControl "5400+30"]

1. e4 e5 2. Nf3 Nc6 3. Bb5 a6 4. Ba4 Nf6 5. d3 d6 6. c4 g6 7. Nc3 Bg7 8. h3 O-O 9. Be3 Nd7 10. Bxc6 bxc6 11. Qd2 f5 12. Bh6 Nc5 13. Bxg7 Kxg7 14. O-O-O Be6 15. b3 fxe4 16. Nxe4 Nxe4 17. dxe4 c5 18. Qa5 Qe7 19. Rd3 0-1

[Event "2nd Gujarat Open 2019"]
[Site "Ahmedabad, Gujarat"]
[Date "2019.09.25"]
[Round "5.27"]
[White "Gandhi, Anish"]
[Black "Fathima, Abdeen"]
[Result "1-0"]
[ECO "B90"]
[WhiteElo "2201"]
[BlackElo "1937"]
[Annotator "ChessBase"]
[PlyCount "36"]
[EventDate "2019.09.22"]
[EventCountry "IND"]
[SourceTitle "playchess.com"]
[Source "ChessBase"]
[SourceQuality "1"]
[TimeControl "5400+30"]

1. e4 c5 2. Nf3 d6 3. d4 cxd4 4. Nxd4 Nf6 5. Nc3 a6 6. h3 h5 7. Bg5 Nbd7 8. f4 Qc7 9. Qf3 e6 10. O-O-O b5 11. a3 Bb7 12. Bd3 Be7 13. g4 Qb6 14. Nb3 g6 15. Qe2 Nc5 16. Nxc5 dxc5 17. e5 Ng8 18. Be4 b4 1-0

[Event "2nd Gujarat Open 2019"]
[Site "Ahmedabad, Gujarat"]
[Date "2019.09.25"]
[Round "5.28"]
[White "Patil, Pratik"]
[Black "Priyankara, Chamil"]
[Result "1-0"]
[ECO "B22"]
[WhiteElo "2187"]
[BlackElo "1917"]
[Annotator "ChessBase"]
[PlyCount "31"]
[EventDate "2019.09.22"]
[EventCountry "IND"]
[SourceTitle "playchess.com"]
[Source "ChessBase"]
[SourceQuality "1"]
[TimeControl "5400+30"]

1. e4 c5 2. c3 d5 3. exd5 Nf6 4. d4 Nxd5 5. Nf3 e6 6. Bd3 cxd4 7. cxd4 Bb4+ 8. Bd2 Bxd2+ 9. Qxd2 O-O 10. O-O Nc6 11. Nc3 Ncb4 12. Bc4 Nf6 13. Rac1 b6 14. Ne5 Bb7 15. Rfe1 Nc6 16. Rcd1 1-0

[Event "2nd Gujarat Open 2019"]
[Site "Ahmedabad, Gujarat"]
[Date "2019.09.25"]
[Round "5.30"]
[White "Kadam, Nikhil"]
[Black "Soham Datar"]
[Result "0-1"]
[ECO "B90"]
[WhiteElo "1705"]
[BlackElo "2160"]
[Annotator "ChessBase"]
[PlyCount "49"]
[EventDate "2019.09.22"]
[EventCountry "IND"]
[SourceTitle "playchess.com"]
[Source "ChessBase"]
[SourceQuality "1"]
[TimeControl "5400+30"]

1. e4 c5 2. Nf3 d6 3. d4 cxd4 4. Nxd4 Nf6 5. Nc3 a6 6. h3 e6 7. Bg5 h6 8. Be3 Be7 9. Qe2 b5 10. a3 Bb7 11. O-O-O Nbd7 12. f4 Qc7 13. Bf2 O-O 14. Bh4 Rfe8 15. g4 Nxe4 16. Nxe4 Bxh4 17. Bg2 d5 18. Nc3 Qxf4+ 19. Kb1 Qf2 20. Rhf1 Qxe2 21. Ndxe2 Ne5 22. Nf4 Nc4 23. Rd3 Rac8 24. Ka2 Bg5 25. Nh5 0-1

[Event "2nd Gujarat Open 2019"]
[Site "Ahmedabad, Gujarat"]
[Date "2019.09.25"]
[Round "5.33"]
[White "Pimpalkhare Vedant"]
[Black "Vijay, Anand M."]
[Result "1-0"]
[ECO "A05"]
[WhiteElo "2104"]
[BlackElo "1806"]
[Annotator "RC"]
[PlyCount "39"]
[EventDate "2019.09.22"]
[EventCountry "IND"]
[SourceTitle "playchess.com"]
[Source "ChessBase"]
[SourceQuality "1"]
[TimeControl "5400+30"]

1. Nf3 Nf6 2. g3 b6 3. Bg2 Bb7 4. c4 e6 5. O-O Be7 6. b3 O-O 7. Bb2 c5 8. d4 d6 9. Nc3 Ne4 10. Qc2 Nxc3 11. Bxc3 Nd7 12. Ng5 Bxg5 13. Bxb7 Rb8 14. Be4 f5 15. Bg2 Bf6 16. Rad1 Qc7 17. Rd2 cxd4 18. Bxd4 Bxd4 19. Rxd4 Nf6 20. Rd2 1-0

[Event "2nd Gujarat Open 2019"]
[Site "Ahmedabad, Gujarat"]
[Date "2019.09.25"]
[Round "5.34"]
[White "Nirnay Garg"]
[Black "Jay Kundaliya"]
[Result "0-1"]
[ECO "A45"]
[WhiteElo "1585"]
[BlackElo "2097"]
[Annotator "NA RC"]
[PlyCount "78"]
[EventDate "2019.09.22"]
[EventCountry "IND"]
[SourceTitle "playchess.com"]
[Source "ChessBase"]
[SourceQuality "1"]
[TimeControl "5400+30"]

1. d4 Nf6 2. Bf4 e6 3. e3 d5 4. Nf3 c5 5. c3 Nc6 6. Nbd2 Nh5 7. Bg5 Be7 8. Bxe7 Qxe7 9. Bd3 Nf6 10. O-O Qd6 11. Qe2 O-O 12. dxc5 Qxc5 13. e4 dxe4 14. Nxe4 Nxe4 15. Qxe4 g6 16. Rfe1 Bd7 17. Rad1 Rad8 18. Ne5 Nxe5 19. Qxe5 Qxe5 20. Rxe5 Bc6 21. Re2 Rd7 22. Ree1 Rfd8 23. Be2 Rd2 24. f3 R8d7 25. Kf2 Rxb2 26. Ke3 Rxd1 27. Rxd1 Rxa2 28. Bf1 Kg7 29. h4 h5 30. Kd4 Kf6 31. Kc5 Ra5+ 32. Kd6 Rd5+ 33. Rxd5 Bxd5 34. Bb5 a6 35. Be8 b5 36. Kc7 Ke7 37. Bd7 e5 38. Bc6 Bxc6 39. Kxc6 f5 0-1

[Event "2nd Gujarat Open 2019"]
[Site "Ahmedabad, Gujarat"]
[Date "2019.09.25"]
[Round "5.35"]
[White "Kumar, Gaurav"]
[Black "Daakshin Arun"]
[Result "1-0"]
[ECO "B68"]
[WhiteElo "2096"]
[BlackElo "1691"]
[Annotator "NA RC"]
[PlyCount "80"]
[EventDate "2019.09.22"]
[EventCountry "IND"]
[SourceTitle "playchess.com"]
[Source "ChessBase"]
[SourceQuality "1"]
[TimeControl "5400+30"]

1. e4 c5 2. Nc3 a6 3. Nf3 d6 4. d4 cxd4 5. Nxd4 Nf6 6. Bg5 Nc6 7. Qd2 e6 8. O-O-O Bd7 9. f4 Be7 10. Nf3 Qc7 11. e5 dxe5 12. fxe5 Ng8 13. Bxe7 Ngxe7 14. Ne4 h6 15. Nd6+ Kf8 16. Nxf7 Kxf7 17. Qxd7 Qxd7 18. Rxd7 b5 19. a4 bxa4 20. Bc4 Rhd8 21. Rhd1 Rxd7 22. Rxd7 g5 23. Rd6 Nd8 24. Nd4 Rc8 25. Bxa6 Ra8 26. Bc4 Rc8 27. Ba2 Rb8 28. Nxe6 Nxe6 29. Rxe6 Ke8 30. Rxh6 Kd7 31. Be6+ Kc7 32. Rh7 Re8 33. Rg7 Kd8 34. Rxg5 Nc6 35. Bd5 Nxe5 36. h4 Nd7 37. Bc6 Re1+ 38. Kd2 Re6 39. Bxd7 Kxd7 40. h5 Rh6 1-0